[Event "Early-Titled-Tuesday-Blitz-August-29-2023"]
[Site "Chess.com"]
[Date "2023.08.29"]
[Round "2"]
[White "Forge13"]
[Black "enriquebutti"]
[Result "1/2-1/2"]
[WhiteElo "2681"]
[BlackElo "2243"]
[TimeControl "180+1"]
[EndTime "8:19:27 PDT"]
[Termination "Game drawn by repetition"]

1. e4 c5 2. c4 Nc6 3. Ne2 g6 4. d4 cxd4 5. Nxd4 Bg7 6. Be3 d6 7.
Nc3 Nf6 8. Be2 O-O 9. h3 Bd7 10. O-O Nxd4 11. Bxd4 Bc6 12. Rc1 e5 13. Be3 Nxe4 14.
Nxe4 Bxe4 15. Bf3 Bc6 16. Bd5 Qd7 17. Qd3 Kh8 18. Rfd1 Rfd8 19. b4 f5 20. b5 Bxd5 21. Qxd5 b6 22. Bg5 e4 23. Bxd8 Rxd8 24. c5 bxc5 25. Rxc5 Qe7 26. Rc6 Be5 27. Rdc1 Rd7 28.
Rc8+ Kg7 29. Qg8+ Kh6 30. Qf8+ Qxf8 31. Rxf8 d5 32. Re8 Bf4 33. Rd1 d4 34. g3 Bc7 35.
a4 d3 36. Kg2 Ba5 37. f3 Rd4 38. g4 Kg5 39. gxf5 gxf5 40. fxe4 fxe4 41. Kf2 Bb6 42. Rg8+ Kf4 43. Rg4+ Ke5 44. a5 Bxa5 45. Rg5+ Kf6 46. Rh5 Bb6 47. Ke1 Kg6 48. Re5 Rb4 49. Ra1 e3 50. Rd5 d2+ 51. Ke2 Rf4 52. Rf1 Rxf1 53.
Kxf1 Kf6 54. Ke2 Ke6 55. Rh5 Kd6 56. Rxh7 Kc5 57. Rh5+ Kc4 58. Re5 Kc3 59. Re8 Kb4 60. h4 Kxb5 61. h5 Kc4 62. h6 Bd4 63. h7 a5 64. h8=Q Bxh8 65. Rxh8 Kc3 66. Rc8+ Kb2 67. Rd8 Kc2 68. Rc8+ Kb2 69. Kd1 a4 70. Re8 a3 71.
Rb8+ Kc3 72. Rc8+ Kb2 73. Rb8+ Kc3 74. Rc8+ Kb2 75. Rb8+ 1/2-1/2

[Event "Early-Titled-Tuesday-Blitz-August-29-2023"]
[Site "Chess.com"]
[Date "2023.08.29"]
[Round "2"]
[White "Caisachess"]
[Black "Vesper2018"]
[Result "1/2-1/2"]
[WhiteElo "2320"]
[BlackElo "2603"]
[TimeControl "180+1"]
[EndTime "8:19:27 PDT"]
[Termination "Game drawn - insufficient material"]

1. e4 c5 2. c3 Nf6 3. e5 Nd5 4. Nf3 Nc6 5. d4 cxd4 6. cxd4 d6 7. Bc4 Nb6 8. Bb3 dxe5 9. d5 Na5 10. Nc3 Nxb3 11.
Qxb3 g6 12. O-O Bg7 13. Re1 O-O 14. Nxe5 Bf5 15. Bf4 Rc8 16. Rad1 Kh8 17. d6 Be6 18. Qa3 exd6 19. Qxd6 Qxd6 20. Rxd6 Nc4 21. Nxc4 Rxc4 22. Be5 Rfc8 23. Bxg7+ Kxg7 24. f3 R8c6 25. Rxc6 Rxc6 26. Rd1 f5 27. Kf2 Kf6 28. Ke3 Ke7 29. Rd4 a6 30.
Rb4 b5 31. Rd4 Bc4 32. Kf4 Re6 33. b3 Bf1 34. g4 fxg4 35. fxg4 Re1 36. Re4+ Rxe4+ 37. Kxe4 Kd6 38. Kd4 Bg2 39. b4 g5 40. Ne4+ Ke7 41.
Nxg5 h6 42. Ne4 Bf3 43. g5 hxg5 44. Nxg5 Bh5 45. Kc5 Kd7 46. Kb6 Be2 47. Kxa6 Kd6 48. Kb6 Kd5 49. h4 Kc4 50. Ka5 Kc3 51. Ne4+ Kb2 52.
a4 bxa4 53. Kxa4 Kc2 54. b5 Kd3 55. Nf6 Kd4 56. Ka5 Ke5 57. b6 Bf3 58. Nd7+ Kf5 59. Ka6 Bg2 60. Ka7 Kg4 61. Kb8 Kxh4 62. Kc7 Kg5 63.
Ne5 Ba8 64. Nc6 Kf6 65. Na5 Ke6 66. Nc6 Kd5 67. Ne7+ Kc5 68. Nc8 Be4 69. Nd6 Bf3 70.
b7 Bxb7 1/2-1/2

[Event "Early-Titled-Tuesday-Blitz-August-29-2023"]
[Site "Chess.com"]
[Date "2023.08.29"]
[Round "2"]
[White "Mindhunter08"]
[Black "Arteler"]
[Result "0-1"]
[WhiteElo "2450"]
[BlackElo "2211"]
[TimeControl "180+1"]
[EndTime "8:19:30 PDT"]
[Termination "Arteler won by checkmate"]

1. e4 e6 2. d4 d5 3. Nc3 Bb4 4. Ne2 dxe4 5. a3 Be7 6. Nxe4 Nf6 7. Nxf6+ Bxf6 8. Be3 c5 9. c3 cxd4 10. Nxd4 O-O 11.
Be2 e5 12. Nb5 Qe7 13. Nxa7 Rd8 14. Qb3 Be6 15. Qb4 Qe8 16. O-O Bd5 17. c4 Nc6 18.
Nxc6 Bxc6 19. Rad1 Qe6 20. Qb6 Qf5 21. b4 Rxd1 22.
Rxd1 Qc2 23. Rd2 Qb1+ 24. Rd1 Qc2 25. Rd2 Qb1+ 26. Bd1 Ba4 27. Qxb7 Rf8 28. Qf3 e4 29. Qg4 h5 30. Qxh5 Rd8 31. Rxd8+ Bxd8 32. Qd5 Qxd1+ 33. Qxd1 Bxd1 34. Kf1 Bb3 35. c5 Ba4 36. Ke1 f6 37.
Kd2 Kf7 38. Kc3 Ke6 39. Kc4 Bc6 40. b5 Bd5+ 41. Kb4 f5 42. a4 Ke5 43. g3 g5 44.
a5 f4 45. Bd2 Kd4 46. Bc3+ Kd3 47. a6 e3 48. fxe3 f3 49. Be1 Ke2 50. c6 Kxe1 51. a7 Be7+ 52. Ka5 f2 53. a8=Q f1=Q 54. Kb6 Qc4 55.
Qa1+ Kf2 56. Qb2+ Kf3 57. c7 Qc5+ 58. Ka5 Qxc7+ 59. b6 Qc5+ 60. Ka6 Bc4+ 61. Kb7 Qd5+ 62. Ka7 Qd7+ 63. b7 Bc5+ 64. Ka8 Bd5 65. Qf6+ Kg2 66. Qb2+ Kh3 67. Qh8+ Kg2 68. Qb2+ Kg1 69. Qb1+ Kxh2 70. Qc2+ Kxg3 71. Qb2 Qd8# 0-1

[Event "Early-Titled-Tuesday-Blitz-August-29-2023"]
[Site "Chess.com"]
[Date "2023.08.29"]
[Round "2"]
[White "TanitoluwaAps116"]
[Black "NasirAkylbekov"]
[Result "1-0"]
[WhiteElo "2763"]
[BlackElo "2415"]
[TimeControl "180+1"]
[EndTime "8:19:40 PDT"]
[Termination "TanitoluwaAps116 won on time"]

1. Nf3 Nf6 2. b3 g6 3. Bb2 Bg7 4. d4 O-O 5. Nbd2 d5 6. g3 Ne4 7. Bg2 Nd7 8. Nxe4 dxe4 9. Ng5 e3 10. f4 Nf6 11. O-O h6 12. Nf3 Ne4 13. Qd3 Bf5 14.
Qxe3 Nf6 15. c4 c5 16. Rad1 Qa5 17. a3 b5 18. dxc5 bxc4 19. Nd4 Ng4 20. Qd2 Qxc5 21. Bxa8 Rxa8 22. Rc1 Be4 23. Rxc4 Qh5 24. Nf3 Bxb2 25. Rxe4 Bxa3 26. b4 a5 27. bxa5 Rxa5 28. Kg2 Bd6 29. h3 Nf6 30. Re5 Rxe5 31. fxe5 Bxe5 32. Qd8+ Kg7 33.
Qxe7 Bc3 34. Qe3 Qa5 35. Qd3 Qb4 36. Rc1 Bb2 37. Rc4 Qa3 38. Qxa3 Bxa3 39. e4 g5 40. g4 Bf8 41. Kf2 Nd7 42. Ke2 Nb6 43. Rc6 Nd7 44.
Kd3 Nc5+ 45. Kd4 Ne6+ 46. Ke5 Nf4 47. Kf5 Nxh3 48. e5 Nf4 49. Nd4 Kg8 50. Rc7 Nd5 51.
Rd7 Ne3+ 52. Ke4 Nxg4 53. Kf5 Ne3+ 54. Ke4 Ng4 55. Nf5 h5 56. Kd5 h4 57. Ra7 h3 58.
e6 fxe6+ 59. Kxe6 h2 60. Ng3 Nf2 61. Ra1 Bg7 62. Rf1 Nd3 63. Kf5 Bh6 64. Kg4 Nf4 65. Kf3 Kg7 66. Rh1 Kg6 67. Rxh2 Bg7 68. Kg4 Bf6 69. Ra2 Nd5 70. Ra6 Ne3+ 71. Kf3 Nf5 72.
Ne4 Nd4+ 73. Kg4 Kg7 74. Rxf6 1-0

[Event "Early-Titled-Tuesday-Blitz-August-29-2023"]
[Site "Chess.com"]
[Date "2023.08.29"]
[Round "2"]
[White "mbojan"]
[Black "ArtemDyachuk"]
[Result "1-0"]
[WhiteElo "2892"]
[BlackElo "2579"]
[TimeControl "180+1"]
[EndTime "8:19:42 PDT"]
[Termination "mbojan won by checkmate"]

1. Nf3 Nf6 2. g3 b5 3. Bg2 Bb7 4. O-O c5 5. d3 d5 6. Nbd2 e6 7. Re1 Be7 8. c3 O-O 9. Qc2 Re8 10. e4 c4 11. dxc4 dxc4 12. a4 a6 13. Nd4 e5 14.
Nf5 Bf8 15. b3 cxb3 16. Nxb3 Nc6 17. Rd1 Qc7 18. axb5 axb5 19. Rxa8 Rxa8 20. Bg5 Nd7 21. Qe2 h6 22. Qg4 Bc8 23. Nxh6+ gxh6 24. Bd8+ Bg7 25. Bxc7 Nc5 26. Qe2 Nxb3 27. Qxb5 Nba5 28. Bxa5 Nxa5 29. Rd8+ Kh7 30. Rxc8 Rxc8 31. Qxa5 Rb8 32. Bh3 Rb1+ 33. Kg2 Bf6 34. Bf5+ Kg7 35. Qa3 h5 36. h4 Rd1 37.
c4 Rd2 38. Qc3 Rd6 39. c5 Rc6 40. Bd7 Rc7 41. c6 Be7 42. Qxe5+ Bf6 43. Qxc7 Bd4 44.
Qf4 Bf6 45. c7 Be7 46. Qf5 Bd6 47. c8=Q f6 48. Qxh5 f5 49. Qxf5 Be7 50. Ba4 Bd6 51. Qcd7+ Kh6 52. Qxd6+ Kg7 53. Qdg6+ Kh8 54. Qgh5+ Kg7 55.
Qfg4+ Kf8 56. Qhf5+ Ke7 57. Qg7+ Kd8 58. Qgf8+ Kc7 59.
Bd1 Kb7 60. h5 Kc7 61. g4 Kc6 62. g5 Kc7 63. h6 Kc6 64. g6 Kc7 65. g7 Kc6 66. h7 Kc7 67. f4 Kc6 68. g8=Q Kc7 69. h8=Q Kc6 70. Qfd5+ Kc7 71. e5 Kb6 72. f5 Kc7 73. e6 Kb6 74. f6 Kc7 75. e7 Kb6 76. f7 Kc7 77. e8=Q Kb6 78. Qfh6+ Kc7 79. Qhd2 Kb6 80.
f8=Q Kc7 81. Qdd7+ Kb6 82. Qdd8+ Kb7 83. Bf3+ Ka6 84. Qda2# 1-0

[Event "Early-Titled-Tuesday-Blitz-August-29-2023"]
[Site "Chess.com"]
[Date "2023.08.29"]
[Round "2"]
[White "ritanovikova"]
[Black "Shivananda1964"]
[Result "0-1"]
[WhiteElo "2150"]
[BlackElo "2454"]
[TimeControl "180+1"]
[EndTime "8:19:42 PDT"]
[Termination "Shivananda1964 won on time"]

1. e4 Nc6 2. d4 e5 3. Nf3 exd4 4.
Nxd4 g6 5. Nxc6 bxc6 6. Qd4 Qf6 7. Qxf6 Nxf6 8. Bd3 Bg7 9. e5 Ng4 10. f4 d6 11. h3 Nh6 12. O-O Nf5 13. g4 Nh4 14. Bd2 h5 15. Be2 hxg4 16. hxg4 dxe5 17. Bc3 Be6 18.
fxe5 O-O-O 19. Na3 Bh6 20. Rfd1 Be3+ 21. Kf1 Bd5 22. Ba6+ Kb8 23. Ke2 Bc5 24. b4 Bf3+ 25.
Ke1 Be3 26. Rxd8+ Rxd8 27. Be2 Be4 28. Nc4 Bd4 29. Bxd4 Rxd4 30. Rd1 Rd5 31. Rxd5 cxd5 32. Na5 Ng2+ 33. Kf2 Nf4 34. Nc6+ Kb7 35. Nd4 Ne6 36. Nxe6 fxe6 37. Ke3 Bxc2 38. Kd4 Kb6 39. g5 a5 40. a3 axb4 41. axb4 Bf5 42. Bf3 Bc2 43. Kc3 Be4 44.
Be2 Bf5 45. Kd4 Be4 46. b5 Bf5 47. Bf1 Bc2 48. Be2 Be4 49. Bf1 c5+ 50. bxc6 Kxc6 51. Be2 Kb6 52. Bf1 Bf5 53. Be2 Ka5 54. Bf1 Kb4 55.
Be2 Kb3 56. Ba6 Kc2 57. Bc8 Kd2 58. Kc5 Ke3 59. Kd6 d4 60. Bxe6 Bxe6 61. Kxe6 d3 62. Kf6 d2 63. e6 d1=Q 64. e7 Qf3+ 65. Kg7 Qe4 66. Kf8 Qf5+ 67. Kg7 Qe6 68. Kf8 Kf4 69. e8=Q Qxe8+ 70. Kxe8 Kxg5 71. Kf7 Kf5 0-1

[Event "Early-Titled-Tuesday-Blitz-August-29-2023"]
[Site "Chess.com"]
[Date "2023.08.29"]
[Round "2"]
[White "jasrom"]
[Black "Itk04"]
[Result "1-0"]
[WhiteElo "2423"]
[BlackElo "2659"]
[TimeControl "180+1"]
[EndTime "8:19:47 PDT"]
[Termination "jasrom won by resignation"]

1. e4 e6 2. d4 d5 3. Bd3 dxe4 4. Bxe4 Nf6 5. Bf3 c5 6. Ne2 Nc6 7. Be3 cxd4 8. Nxd4 Ne5 9. O-O Nxf3+ 10. Qxf3 Qd5 11.
Nc3 Qxf3 12. Nxf3 a6 13. Rfd1 Bd7 14. Ne5 Bb4 15. Nxd7 Nxd7 16. Ne4 Rd8 17. a3 Be7 18. Nd6+ Bxd6 19. Rxd6 Ne5 20. Rxd8+ Kxd8 21. Rd1+ Nd7 22. c4 Ke7 23. Kf1 Rc8 24. b3 e5 25. Ke2 Ke6 26. f4 e4 27. g4 g6 28. f5+ gxf5 29. gxf5+ Ke7 30. Rd5 Rg8 31. Kf2 Nf6 32. Re5+ Kd6 33. Ra5 Ng4+ 34. Ke2 Nxe3 35. Kxe3 Rg2 36. Kxe4 Re2+ 37.
Kd4 Rd2+ 38. Ke4 Re2+ 39. Kd4 Rxh2 40. Rd5+ Ke7 41. Kc5 Rh3 42. Kb4 h5 43. Rc5 Kd7 44.
Rd5+ Ke7 45. Rc5 Kd6 46. Rd5+ Kc6 47. f6 Rf3 48. Rxh5 Rxf6 49. Rd5 Rd6 50. Rf5 Rd7 51. a4 b6 52. Rf6+ Kb7 53. a5 bxa5+ 54. Kxa5 Rc7 55. Rb6+ Kc8 56. Rxa6 Rc5+ 57. Kb6 Rf5 58. Ra8+ Kd7 59. Ra7+ Kc8 60. Ra8+ Kd7 61. c5 Rf3 62. b4 f5 63.
b5 f4 64. c6+ Ke7 65. c7 Rc3 66. c8=Q Rxc8 67. Rxc8 f3 68. Rc2 1-0

[Event "Early-Titled-Tuesday-Blitz-August-29-2023"]
[Site "Chess.com"]
[Date "2023.08.29"]
[Round "2"]
[White "jaskol95"]
[Black "AlexanderL"]
[Result "0-1"]
[WhiteElo "2552"]
[BlackElo "2828"]
[TimeControl "180+1"]
[EndTime "8:19:48 PDT"]
[Termination "AlexanderL won by checkmate"]

1. e4 d5 2. exd5 Nf6 3. d4 Bg4 4. f3 Bc8 5. c4 e6 6. dxe6 Bxe6 7. Nc3 Bd6 8. Be3 O-O 9. Qd2 Re8 10. O-O-O Bf5 11.
g4 Bg6 12. h4 h5 13. Bd3 Bxd3 14. Qxd3 hxg4 15. Bg5 g3 16. Nge2 Nc6 17. Nd5 Be7 18. Nxe7+ Qxe7 19. Nxg3 Rad8 20. Nf5 Qe2 21. Qxe2 Rxe2 22.
Rhg1 Kf8 23. h5 Ne7 24. Ng3 Rh2 25. h6 Nfg8 26. hxg7+ Ke8 27. Rde1 f6 28. Nf5 Kf7 29. Nxe7 Nxe7 30. Rxe7+ Kxe7 31. Bxf6+ Kxf6 32. g8=Q Rxg8 33. Rxg8 Rh4 34. Rd8 Ke7 35. Rd5 Rf4 36. Re5+ Kd7 37. Re3 Rxd4 38. b3 Rh4 39. Kc2 Rh2+ 40. Kb1 Rf2 41. Rc3 Kc6 42. Rd3 a5 43. a3 Kc5 44.
Rd5+ Kb6 45. Rf5 c6 46. Rf7 Ka6 47. f4 Kb6 48. f5 Kc5 49. f6 b6 50. Rf8 Kd4 51.
f7 Kc3 52. b4 axb4 53. axb4 Kb3 54. Kc1 Kxb4 55. Kd1 Kc5 56. Ke1 Rf6 57. Ke2 Kxc4 58. Ke3 c5 59. Ke4 b5 60. Ke5 Rf1 61. Kd6 b4 62. Rc8 Rxf7 63. Rxc5+ Kb3 64. Kd5 Rd7+ 65. Ke4 Rd8 66. Ra5 Kb2 67. Ke3 b3 68. Ra7 Kc2 69.
Rc7+ Kb1 70. Ke2 b2 71. Ra7 Rd5 72. Ra8 Kc2 73. Rc8+ Kb3 74. Rb8+ Kc3 75. Rc8+ Kb4 76. Rb8+ Rb5 77. Rd8 b1=Q 78. Rd4+ Kc3 79. Rf4 Re5+ 80. Kf3 Qf1+ 81. Kg3 Rg5+ 82. Kh4 Qxf4+ 83. Kh3 Qg3# 0-1

[Event "Early-Titled-Tuesday-Blitz-August-29-2023"]
[Site "Chess.com"]
[Date "2023.08.29"]
[Round "2"]
[White "ajedrezhoy"]
[Black "VOneChess"]
[Result "1-0"]
[WhiteElo "2435"]
[BlackElo "1961"]
[TimeControl "180+1"]
[EndTime "8:19:54 PDT"]
[Termination "ajedrezhoy won by checkmate"]

1. c4 e5 2. Nc3 Nc6 3. Nf3 f5 4. d4 e4 5. Ng5 Be7 6. Nh3 Nf6 7. Bg5 O-O 8. e3 d6 9. Nf4 Bd7 10. Be2 h6 11. Bxf6 Bxf6 12. Ng6 Rf7 13. h4 Ne7 14. Nxe7+ Bxe7 15. h5 f4 16. exf4 Rxf4 17.
g3 Rf7 18. Nxe4 Bf5 19. Bf3 Bg5 20. Nxg5 Qxg5 21. Bd5 Re8+ 22. Kf1 Be6 23. Bxe6 Rxe6 24. Kg2 Ref6 25. Rf1 Qf5 26. Qe2 Kh7 27. Rae1 Qf4 28. Qe4+ Qxe4+ 29. Rxe4 Kg8 30. f4 Rf8 31. Rfe1 R6f7 32.
d5 Rd7 33. b4 a6 34. a4 Kf7 35.
Re6 Rfd8 36. f5 Kf8 37. g4 Kf7 38. Kg3 Rc8 39. b5 Rf8 40. Kf4 Ra8 41. Rb1 axb5 42. axb5 Ra2 43. Rf1 Rc2 44. Re4 Ra2 45. g5 hxg5+ 46.
Kxg5 Rg2+ 47. Rg4 Ra2 48. Re1 Re7 49. Rxe7+ Kxe7 50. Kg6 Kf8 51. f6 gxf6 52. Kxf6 Rf2+ 53. Ke6 Re2+ 54. Kd7 Re7+ 55. Kc8 b6 56. h6 Rh7 57. Rg7 Rxh6 58. Rxc7 Rh4 59. Kb7 Rd4 60. Kxb6 Ke8 61.
Kb7 Kd8 62. b6 Rd1 63. Rh7 Ra1 64. Kc6 Rb1 65. Rh8+ Ke7 66. b7 Rxb7 67. Kxb7 Kf6 68. Kc6 Ke5 69. Re8+ Kd4 70. Kxd6 Kxc4 71. Re6 Kd4 72.
Ke7 Kc4 73. d6 Kc5 74. d7 Kd4 75. d8=Q+ Kc3 76. Qd7 Kc4 77. Rc6+ Kb4 78. Qb7+ Ka5 79. Ra6# 1-0

[Event "Early-Titled-Tuesday-Blitz-August-29-2023"]
[Site "Chess.com"]
[Date "2023.08.29"]
[Round "2"]
[White "YouJustFoundYourGodfather"]
[Black "kuli4ik"]
[Result "0-1"]
[WhiteElo "2592"]
[BlackElo "2904"]
[TimeControl "180+1"]
[EndTime "8:20:15 PDT"]
[Termination "kuli4ik won on time"]

1. c4 c6 2. Nf3 d5 3. e3 Nf6 4. b3 g6 5. Bb2 Bg7 6. Be2 O-O 7. O-O a6 8. d3 Nbd7 9. Nbd2 Re8 10.
Ne5 Nf8 11. cxd5 Nxd5 12. Rc1 f6 13. Nef3 e5 14. a3 Be6 15. b4 Rc8 16. Ne4 Bf7 17. Nc5 Rc7 18. Qc2 Ne6 19. Nxe6 Rxe6 20. Nd2 Re8 21. d4 exd4 22. Bxd4 Rd7 23. Nb3 Qb8 24. Rfd1 Rdd8 25. Bc4 f5 26. Bxg7 Kxg7 27. Nc5 Qc7 28.
Bxd5 Rxd5 29. Rxd5 Bxd5 30. Rd1 Qe7 31. Qc3+ Kg8 32. Qd4 Qg5 33. g3 Re7 34. Qh4 Qxh4 35. gxh4 Kf7 36. h3 f4 37. exf4 Bf3 38. Rc1 Be2 39. Kh2 Bb5 40. Nb3 Re2 41. Kg3 Ra2 42. Nd4 Rxa3+ 43. f3 Ra4 44. Rb1 Bc4 45. f5 Bd5 46. fxg6+ hxg6 47. Rb2 c5 48. Nc2 c4 49. Ne3 Be6 50. Rd2 Rxb4 51. Rd6 c3 52. Nc2 Rc4 53. h5 gxh5 54. h4 a5 55. Rb6 Rc7 56. Rb5 a4 57.
Rxh5 Kg8 58. Rb5 Bb3 59. Nd4 c2 60. Nxc2 Bxc2 61. h5 Bb3 62. Kg4 Bc4 63. Rb4 b5 64. Kg5 a3 65. Rb1 a2 66. Re1 Ra7 67. Ra1 Kg7 68.
h6+ Kh7 69. f4 b4 70. f5 b3 71. f6 b2 72. Re1 b1=Q 73. Re4 Qxe4 74. f7 Ra5+ 75.
Kf6 Qe7+ 76. Kxe7 Bxf7 77. Kxf7 a1=Q 78. Kf8 Ra7 79. Ke8 Qb2 0-1

[Event "Early-Titled-Tuesday-Blitz-August-29-2023"]
[Site "Chess.com"]
[Date "2023.08.29"]
[Round "2"]
[White "GAZZAN_3000"]
[Black "mishanick"]
[Result "1/2-1/2"]
[WhiteElo "2672"]
[BlackElo "3120"]
[TimeControl "180+1"]
[EndTime "8:20:24 PDT"]
[Termination "Game drawn by repetition"]

1. d4 Nf6 2. Nf3 d5 3. c4 e6 4. g3 Be7 5. Bg2 O-O 6. O-O dxc4 7.
Qc2 a6 8. a4 Bd7 9. Qxc4 b5 10.
Qc2 Nc6 11. axb5 Nb4 12. Qd1 Bxb5 13. Nc3 c5 14. Nxb5 axb5 15. Rxa8 Qxa8 16. dxc5 Bxc5 17. Qb3 Rc8 18. Bd2 Nbd5 19. Qxb5 Ne4 20. e3 Qa7 21. Qd3 Ndf6 22. Nd4 Bxd4 23. exd4 Nxd2 24. Qxd2 Rd8 25. Rd1 h5 26. b4 Qb6 27. Qc3 Qb5 28. Bc6 Qe2 29.
Bf3 Nd5 30. Qb3 Qb5 31. Bxd5 Rxd5 32. h4 g6 33. Qc3 Qd7 34. Rb1 Kh7 35. Qf3 Kg7 36.
Qe2 Rb5 37. Kh2 Qb7 38. Qc4 Kg8 39. Qc3 Qe4 40. Rb2 Qd5 41. Qd3 e5 42. Rd2 e4 43.
Qc3 Kh7 44. Rb2 Qf5 45. Qb3 g5 46. hxg5 Kg6 47. Qe3 Qd5 48. Qf4 Qxd4 49. Re2 Rf5 50. Qe3 Qxb4 51. Qxe4 Qxe4 52. Rxe4 Rxf2+ 53. Kh3 Kxg5 54. Re5+ Rf5 55. Re8 Rf3 56. Rg8+ Kh6 57. Kg2 Rb3 58. Rc8 Ra3 59. Kh3 Kg6 60. Rc5 Rb3 61. Kg2 f6 62. Kh3 Re3 63. Kg2 Re5 64.
Rc4 Kg5 65. Rb4 Re3 66. Ra4 Rd3 67. Ra5+ f5 68. Ra4 Re3 69. Ra8 Re6 70. Rg8+ Rg6 71. Ra8 Rg7 72. Kf3 Rg6 73. Rb8 Ra6 74. Rg8+ Kf6 75.
Rc8 Ra3+ 76. Kg2 Ke5 77. Rh8 Ra2+ 78. Kf3 Rh2 79. Re8+ Kf6 80. Rf8+ Ke6 81. Re8+ Kf7 82. Ra8 Rh1 83. Ra7+ Kg6 84. Ra8 Rf1+ 85. Kg2 Re1 86.
Rg8+ Kf6 87. Rh8 Re2+ 88. Kh3 Kg6 89. Rg8+ Kh6 90. Rh8+ Kg5 91. Rg8+ Kf6 92. Rh8 Re1 93. Kg2 Kg6 94. Rg8+ Kh6 95. Rh8+ Kg5 96. Rg8+ Kf6 97. Rh8 1/2-1/2

[Event "Early-Titled-Tuesday-Blitz-August-29-2023"]
[Site "Chess.com"]
[Date "2023.08.29"]
[Round "2"]
[White "bubeliang"]
[Black "NovikovaGalina"]
[Result "1-0"]
[WhiteElo "2646"]
[BlackElo "2395"]
[TimeControl "180+1"]
[EndTime "8:20:33 PDT"]
[Termination "bubeliang won on time"]

1. e4 e6 2. d4 d5 3. e5 c5 4. c3 Nc6 5. Nf3 Bd7 6. Be2 Qc7 7. O-O f6 8. Bf4 O-O-O 9. Bg3 f5 10. dxc5 h6 11.
h4 g5 12. hxg5 hxg5 13. Nxg5 Nh6 14. b4 Be7 15. Nf3 Rdg8 16. b5 Bxc5 17. bxc6 Bxc6 18. Nd4 Qf7 19. Qc1 Ng4 20. Nf3 Qh7 21. Bh4 Nxf2 22. Rxf2 Rg4 23. Kf1 Rxh4 24. Ke1 Bxf2+ 25. Kxf2 Rh1 26. Qg5 Rg8 27. Qf6 Bd7 28. Na3 Rxa1 29. Nb5 Bxb5 30. Bxb5 Kb8 31. Qxe6 Qg7 32. Bf1 Rxa2+ 33.
Ke3 Rd8 34. Qxf5 Qc7 35. Bd3 Qxc3 36. Kf4 Ra4+ 37. Kg5 Rg8+ 38. Kh6 Qc6+ 39. Qf6 Qc8 40. Bf5 Rh8+ 41. Kg5 Qg8+ 42. Bg6 Ka8 43. e6 a6 44.
Qf7 Qc8 45. e7 Rg4+ 46. Kf6 Rf4+ 47. Kg7 Rxf7+ 48. Bxf7 Re8 49. Bxe8 Qxe8 50. Kf6 d4 51. Nxd4 a5 52. Ne6 Kb8 53. Ng7 Qc6+ 54. Kf7 Qd5+ 55.
Kf8 Qd6 56. Kf7 Qd5+ 57. Kf8 Qd6 58. Kf7 a4 59. e8=Q+ Ka7 60. Qxa4+ Kb8 61. Qe8+ Ka7 62. Qe3+ Kb8 63. Nf5 Qd5+ 64. Kf6 Qc6+ 65. Qe6 Qxg2 66. Qe8+ Ka7 67. Qa4+ Kb8 68. Qf4+ Ka7 69. Nd6 Qc6 70. Ke7 Kb6 71. Qb4+ Kc7 72. Qa5+ Kb8 73. Qd8+ Ka7 74. Nc8+ Ka6 75. Qd3+ Qb5 76. Qg6+ Ka5 77. Nd6 Qb4 78.
Qf5+ b5 79. Qc8 Ka4 80. Qa8+ Kb3 81. Qf3+ Qc3 82. Qd5+ Ka4 83. Qxb5+ Ka3 84. Nc4+ Ka2 85. Qa4+ Kb1 86. Qb5+ Kc2 87. Nd6 Qe3+ 88. Kd7 Qd3 89. Qc5+ Kd2 90. Qf2+ Qe2 91. Ne4+ Kd1 92. Nc3+ Kd2 93.
Qxe2+ Kxc3 94. Qe6 Kb4 95. Ke7 Ka5 96. Kf7 1-0

[Event "Early-Titled-Tuesday-Blitz-August-29-2023"]
[Site "Chess.com"]
[Date "2023.08.29"]
[Round "2"]
[White "MBA_CHESS_2021"]
[Black "druskacik"]
[Result "1/2-1/2"]
[WhiteElo "2271"]
[BlackElo "2687"]
[TimeControl "180+1"]
[EndTime "8:20:53 PDT"]
[Termination "Game drawn by repetition"]

1. d4 b5 2. e4 a6 3. Bd3 Bb7 4. f3 c5 5. c3 cxd4 6. cxd4 Nc6 7. Ne2 Nb4 8. O-O Nf6 9. Nbc3 Nxd3 10. Qxd3 e6 11.
Bf4 Be7 12. a3 O-O 13. h3 Qb6 14. Be3 Rac8 15. Kh1 Rc4 16. b3 Rc7 17. d5 Bc5 18. Bxc5 Rxc5 19. b4 Rc4 20. dxe6 dxe6 21. Rfd1 h6 22.
Rac1 Rfc8 23. Nb1 a5 24. Nd2 Rxc1 25. Nxc1 axb4 26. axb4 Rd8 27. Qc3 Nh5 28. Ncb3 Ng3+ 29. Kh2 Qd6 30. e5 Ne2 31. exd6 Nxc3 32. Rc1 Nd5 33.
Nc5 Bc6 34. Nxe6 fxe6 35. Rxc6 Nxb4 36. Rb6 Nd5 37. Rxb5 Rxd6 38. Ne4 Rd7 39. Nc5 Re7 40. Rb8+ Kf7 41. Nd3 Rc7 42. Ne5+ Kf6 43. Ng4+ Kg6 44.
Re8 Kf7 45. Ra8 Rc2 46. Kg3 Nf6 47. Ra7+ Kg6 48. Nxf6 gxf6 49. Re7 e5 50. h4 h5 51. Re8 Rc3 52. Rg8+ Kf7 53. Rh8 Kg7 54. Re8 Kg6 55. Rg8+ Kh7 56. Re8 Rc7 57. Kf2 Rg7 58. g3 Kg6 59. Ke3 Ra7 60. Rg8+ Kf5 61. Rh8 Ra3+ 62. Kf2 Ra2+ 63. Kg1 Ra1+ 64. Kg2 Ra2+ 65. Kg1 Kg6 66.
Rg8+ Kh7 67. Re8 Kg7 68. Re7+ Kg6 69. Re8 Rb2 70. Re7 Re2 71. Re8 Rd2 72. Re7 Rc2 73.
Re8 Re2 74. Re7 Rb2 75. Re8 Rb5 76. Re7 Rb8 77. Kf2 Rb2+ 78. Kg1 Ra2 79. Re8 Ra7 80. Kf2 Kf7 81. Rh8 Kg6 82. Re8 Rb7 83. Kf1 Kg7 84.
Kf2 Kf7 85. Rh8 Kg6 86. Rg8+ Rg7 87. Rxg7+ Kxg7 88. Ke3 f5 89. Kd3 Kf6 90. Kc4 Ke6 91. Kc5 e4 92. fxe4 fxe4 93. Kd4 Kf5 94. Ke3 Ke5 95. Kf2 Kd4 96. Ke2 e3 97. g4 hxg4 98.
h5 g3 99. h6 g2 100. h7 g1=Q 101. h8=Q+ Ke4 102. Qe8+ Kd4 103. Qd8+ Kc3 104. Qd3+ Kb2 105. Qb5+ Kc2 106. Qc5+ Kb2 107. Qb5+ Kc2 108. Qc5+ Kb3 109. Qb5+ Kc3 110. Qc5+ Kb3 111. Qb5+ Kc3 112. Qc5+ Kb3 1/2-1/2

[Event "Early-Titled-Tuesday-Blitz-August-29-2023"]
[Site "Chess.com"]
[Date "2023.08.29"]
[Round "2"]
[White "KevinGeorgeMicheal"]
[Black "CarlosjPineror"]
[Result "1-0"]
[WhiteElo "2148"]
[BlackElo "2424"]
[TimeControl "180+1"]
[EndTime "8:21:09 PDT"]
[Termination "KevinGeorgeMicheal won by resignation"]

1. Nf3 c5 2. g3 Nf6 3. Bg2 e6 4. O-O Nc6 5. d3 d5 6. Nbd2 Be7 7. e4 b5 8. Re1 h6 9. Nf1 a5 10. h4 b4 11. exd5 exd5 12. d4 c4 13. Ne5 Bb7 14. Ne3 O-O 15. N3xc4 Rc8 16. Nxc6 Bxc6 17. Ne5 Bb5 18. Bd2 Re8 19. c3 Bd6 20. cxb4 axb4 21. Qb3 Bc4 22. Qf3 Rc7 23. b3 Bb5 24. Ng4 Ne4 25.
Bf4 f6 26. Bxd6 Qxd6 27. Ne3 g6 28. Nxd5 Qxd5 29. Rxe4 Rxe4 30. Qxe4 Qxe4 31. Bxe4 f5 32. Bd5+ Kg7 33. Bc4 Bxc4 34. Rc1 Ra7 35. Rxc4 Rxa2 36.
Rxb4 g5 37. h5 g4 38. Rb5 Kf6 39. Rb6+ Kg5 40. d5 Rd2 41. d6 Kxh5 42. Rc6 Kg5 43.
b4 h5 44. b5 Kf6 45. b6 Rb2 46. d7+ Ke7 47. Rc5 Rxb6 48. Rxf5 Kxd7 49. Rxh5 Rb4 50.
Rh7+ Ke6 51. Kg2 Kf5 52. Rh5+ Kg6 53. Re5 Rc4 54. Re3 Ra4 55. Re2 Rb4 56. Rc2 Rd4 57.
Rc5 Ra4 58. Kf1 Rb4 59. Rc2 Rb3 60. Ke2 Ra3 61. Rc5 Rb3 62. Re5 Ra3 63. Re3 Ra4 64. Kf1 Kf5 65. Kg2 Ra2 66. Rc3 Kg5 67. Rc5+ Kg6 68.
Rc8 Kf5 69. Rf8+ Kg5 70. Rf4 Ra3 71. Re4 Rb3 72. Rd4 Rc3 73. Rd5+ Kg6 74. Rd4 Kf5 75. Ra4 Rb3 76. Rf4+ Kg5 77. Rd4 Rc3 78. Rd5+ Kg6 79. Kf1 Ra3 80. Ke2 Kf6 81. Rd3 Ra2+ 82. Ke3 Ra4 83.
Rd4 Ra3+ 84. Kf4 Rf3+ 85. Kxg4 Rxf2 86. Rf4+ Rxf4+ 87. Kxf4 Kg6 88. Kg4 Kf6 89. Kh5 Kg7 90. Kg5 Kh7 91. Kf6 Kg8 92. Kg6 Kh8 93. Kf7 Kh7 94. g4 Kh8 95. g5 Kh7 96. g6+ Kh6 97. g7 1-0

[Event "Early-Titled-Tuesday-Blitz-August-29-2023"]
[Site "Chess.com"]
[Date "2023.08.29"]
[Round "2"]
[White "Sinquefield"]
[Black "TrahtarBelarus"]
[Result "1/2-1/2"]
[WhiteElo "2419"]
[BlackElo "2745"]
[TimeControl "180+1"]
[EndTime "8:21:22 PDT"]
[Termination "Game drawn by 50-move rule"]

1. d4 Nf6 2. Bg5 d5 3. Bxf6 exf6 4. e3 c6 5. c4 dxc4 6. Bxc4 Bd6 7. Nc3 O-O 8. Nf3 Nd7 9. O-O f5 10. a3 a6 11. b4 Qe7 12. Rb1 Nf6 13. Qb3 Ne4 14.
a4 b5 15. axb5 axb5 16. Be2 Be6 17. Qb2 h6 18. Rfc1 Rfc8 19. Bd3 Bd5 20. Nd2 Nxc3 21.
Qxc3 g6 22. Be2 f4 23. e4 Bxe4 24. Nxe4 Qxe4 25. Bf3 Qe7 26. Bxc6 Ra4 27. Qd3 Rxb4 28. Bd5 Rxc1+ 29. Rxc1 Kg7 30. Bb3 Qf6 31. Rd1 f3 32. g3 h5 33. Bd5 h4 34. Bxf3 hxg3 35. hxg3 Rb2 36. Qe3 b4 37. Bd5 Rc2 38. Rb1 Rc3 39. Qe4 Bxg3 40. fxg3 Rxg3+ 41. Kh1 Qg5 42. Qe5+ Qxe5 43. dxe5 Rg5 44. Re1 Kf8 45. Bc4 Ke7 46. Rb1 Rxe5 47. Rxb4 f5 48. Rb6 g5 49. Kg2 Rc5 50. Bd3 g4 51. Rb3 Kf6 52. Rb6+ Kg5 53. Rb8 Rc3 54. Be2 Rc2 55. Kf2 Kf4 56. Rb4+ Kg5 57. Rb5 Rd2 58. Ke3 Rd8 59. Bd3 Rf8 60. Re5 Rf7 61. Rd5 Rf6 62. Rc5 Re6+ 63. Kf2 Rf6 64.
Ke3 Kg6 65. Kf4 Kg7 66. Bxf5 g3 67. Rc3 Rd6 68. Rxg3+ Kf6 69. Rg6+ Ke7 70. Rg7+ Kf6 71. Rg1 Rd4+ 72. Be4 Rd6 73. Rg6+ Ke7 74. Rg5 Kf6 75.
Rh5 Re6 76. Rh6+ Ke7 77. Rh8 Kf6 78. Bf5 Rd6 79. Rf8+ Ke7 80. Ra8 Kf6 81. Be4 Re6 82. Ra5 Rd6 83. Rf5+ Ke6 84. Rh5 Kf6 85. Rh7 Re6 86. Bf5 Rd6 87. Rh6+ Ke7 88. Rh1 Kf6 89. Re1 Rd4+ 90. Be4 Rd6 91. Rg1 Re6 92. Ke3 Rd6 93. Rf1+ Ke5 94. Rf5+ Ke6 95. Ra5 Kf6 96. Bd5 Ke5 97. Bc4+ Kf6 98. Bd3 Ke6 99. Ke4 Kf6 100. Bc4 Rc6 101. Rf5+ Ke7 102. Bd5 Rc7 103. Ke5 Rd7 104.
Rh5 Rc7 105. Rh7+ Kd8 106. Rh6 Ke7 107. Re6+ Kd7 108. Rd6+ Ke7 109. Rb6 Rd7 110. Bc6 Rc7 111. Be4 Rc5+ 112.
Bd5 Rc7 113. Rh6 Rd7 114. Rf6 Rc7 115. Rf7+ Kd8 116. Rf8+ Ke7 117. Rf1 Rd7 118. Rg1 1/2-1/2